[ AOE2 MATCH · #505125071 ]
UnrankedByzantines vs Malay
Rival team · LOSS
[ REPLAY ANALYSIS · EXTRACTED FROM THE RECORDED GAME ]
Feudal
12:36
Castle
16:08
Imperial
—
| APM avg | 43.3 |
| APM peak | 64 |
| eAPM avg | 19.9 |
| Villagers / military | 46 / 15 |
Focus
⚔️ 35.9% · 🌾 64.1%
Knight ×10 · Militia ×3 · Monk ×2
Feudal
8:54
Castle
20:33
Imperial
—
| APM avg | 32.6 |
| APM peak | 85 |
| eAPM avg | 16.0 |
| Villagers / military | 41 / 10 |
Focus
⚔️ 24.7% · 🌾 75.3%
Archer ×6 · Militia ×4
Match map
Initial resources + every placement click. Lines = walls · curves = elevation contours. ◆ gold · ⬟ stone · ● berries · ✦ relic · ◌ wall gap
Your base· Open — 6t gap
HaleDuck's base· ✓ Closed at 20:33 · 51t walls · no gate
Smoothed initial terrain · ◌ = detected wall gap · hover for details
Inputs per minute
— snowshawnskate - - HaleDuck
Build order — snowshawnskate
121 actions detected in the replay
| 0:00 | Create | Villager (Male) |
| 0:01 | Create | Villager (Male) |
| 0:02 | Build | House |
| 0:03 | Build | House |
| 0:11 | Create | Villager (Male) |
| 0:32 | Create | Villager (Male) |
| 1:23 | Create | Villager (Male) |
| 2:03 | Create | Villager (Male) |
| 2:05 | Build | Lumber Camp |
| 2:23 | Create | Villager (Male) |
| 2:51 | Create | Villager (Male) |
| 3:09 | Create | Villager (Male) |
| 3:29 | Build | House |
| 3:30 | Build | House |
| 3:34 | Create | Villager (Male) |
| 3:55 | Create | Villager (Male) |
| 4:31 | Create | Villager (Male) |
| 4:33 | Create | Villager (Male) |
| 4:52 | Create | Villager (Male) |
| 4:54 | Build | Barracks |
| 5:05 | Create | Villager (Male) |
| 5:33 | Build | House |
| 5:51 | Create | Militia |
| 5:51 | Create | Militia |
| 6:10 | Create | Militia |
| 6:11 | Create | Villager (Male) |
| 6:16 | Build | Palisade Wall |
| 6:18 | Create | Villager (Male) |
| 6:33 | Create | Villager (Male) |
| 6:39 | Build | Mill |
| 6:42 | Create | Villager (Male) |
| 7:08 | Create | Villager (Male) |
| 7:35 | Create | Villager (Male) |
| 7:43 | Build | Palisade Wall |
| 8:02 | Create | Villager (Male) |
| 8:12 | Create | Villager (Male) |
| 8:17 | Research | Loom |
| 8:32 | Build | Mining Camp |
| 8:38 | Build | House |
| 8:39 | Build | Palisade Wall |
| 8:45 | Create | Villager (Male) |
| 8:54 | Build | Palisade Wall |
| 8:55 | Build | Palisade Wall |
| 8:55 | Build | Palisade Wall |
| 8:58 | Build | Palisade Wall |
| 8:59 | Build | Palisade Wall |
| 9:06 | Create | Villager (Male) |
| 9:19 | Build | Farm |
| 9:30 | Create | Villager (Male) |
| 9:32 | Build | Farm |
| 9:42 | Create | Villager (Male) |
| 10:01 | Build | Palisade Wall |
| 10:09 | Build | Farm |
| 10:22 | Research | Feudal Age |
| 10:45 | Build | Farm |
| 11:06 | Build | Farm |
| 11:30 | Build | Farm |
| 12:36 | Age | Feudal Age |
| 12:41 | Create | Villager (Male) |
| 12:44 | Build | Stable |
| 12:53 | Build | Blacksmith |
| 13:28 | Research | Castle Age |
| 13:28 | Research | Castle Age |
| 13:58 | Build | Market |
| 14:13 | Build | House |
| 14:20 | Research | Double-Bit Axe |
| 14:21 | Research | Double-Bit Axe |
| 14:24 | Build | House |
| 14:28 | Build | Palisade Wall |
| 15:04 | Build | Stable |
| 15:10 | Build | House |
| 15:12 | Build | House |
| 15:17 | Build | House |
| 15:48 | Build | Farm |
| 16:07 | Build | Farm |
| 16:08 | Age | Castle Age |
| 16:09 | Create | Knight |
| 16:09 | Create | Knight |
| 16:10 | Create | Villager (Male) |
| 16:23 | Create | Knight |
| 16:26 | Build | House |
| 16:35 | Create | Knight |
| 16:36 | Create | Villager (Male) |
| 17:22 | Create | Knight |
| 17:23 | Create | Knight |
| 17:35 | Build | Town Center |
| 17:41 | Create | Villager (Male) |
| 18:02 | Create | Villager (Male) |
| 18:12 | Create | Villager (Male) |
| 18:37 | Create | Villager (Male) |
| 18:44 | Create | Villager (Male) |
| 18:45 | Create | Knight |
| 18:48 | Build | Farm |
| 19:05 | Create | Villager (Male) |
| 19:07 | Build | Monastery |
| 19:34 | Create | Villager (Male) |
| 19:35 | Create | Knight |
| 19:47 | Build | Farm |
| 19:53 | Create | Monk |
| 19:56 | Create | Villager (Male) |
| 19:56 | Create | Villager (Male) |
| 19:59 | Build | Farm |
| 20:12 | Create | Villager (Male) |
| 20:25 | Build | Farm |
| 20:30 | Create | Villager (Male) |
| 20:30 | Create | Villager (Male) |
| 20:43 | Create | Villager (Male) |
| 20:49 | Create | Monk |
| 21:00 | Create | Knight |
| 21:00 | Create | Knight |
| 21:02 | Build | Farm |
| 21:10 | Build | Farm |
| 21:10 | Build | Farm |
| 21:32 | Build | Farm |
| 21:34 | Build | Farm |
| 21:34 | Create | Villager (Male) |
| 21:42 | Build | Lumber Camp |
| 21:54 | Create | Villager (Male) |
| 21:57 | Build | House |
| 21:59 | Build | House |
| 22:03 | Create | Villager (Male) |
Build order — HaleDuck
119 actions detected in the replay
| 0:00 | Create | Villager (Male) |
| 0:01 | Create | Villager (Male) |
| 0:01 | Build | House |
| 0:02 | Build | House |
| 0:12 | Create | Villager (Male) |
| 0:18 | Create | Villager (Male) |
| 1:32 | Create | Villager (Male) |
| 1:49 | Create | Villager (Male) |
| 1:54 | Build | Lumber Camp |
| 2:21 | Create | Villager (Male) |
| 2:40 | Create | Villager (Male) |
| 3:00 | Create | Villager (Male) |
| 3:21 | Create | Villager (Male) |
| 3:49 | Build | House |
| 4:00 | Create | Villager (Male) |
| 4:14 | Build | House |
| 4:36 | Create | Villager (Male) |
| 4:40 | Create | Villager (Male) |
| 4:59 | Build | Barracks |
| 5:03 | Create | Villager (Male) |
| 5:54 | Create | Villager (Male) |
| 6:37 | Research | Loom |
| 6:41 | Create | Villager (Male) |
| 6:42 | Create | Villager (Male) |
| 6:44 | Research | Loom |
| 7:36 | Research | Feudal Age |
| 7:40 | Build | Mill |
| 7:55 | Create | Militia |
| 8:14 | Build | Mining Camp |
| 8:18 | Build | House |
| 8:23 | Build | Palisade Wall |
| 8:24 | Create | Militia |
| 8:28 | Build | Palisade Wall |
| 8:31 | Build | Palisade Wall |
| 8:32 | Build | Palisade Wall |
| 8:34 | Build | Palisade Wall |
| 8:36 | Build | Palisade Wall |
| 8:38 | Build | Palisade Wall |
| 8:41 | Create | Militia |
| 8:54 | Age | Feudal Age |
| 9:01 | Research | Man-at-Arms (upgrade) |
| 9:09 | Create | Villager (Male) |
| 9:48 | Create | Villager (Male) |
| 9:50 | Research | Loom |
| 9:58 | Create | Villager (Male) |
| 10:06 | Build | Archery Range |
| 10:11 | Build | Farm |
| 10:15 | Build | Palisade Wall |
| 10:16 | Build | Palisade Wall |
| 10:33 | Create | Villager (Male) |
| 10:40 | Build | Archery Range |
| 10:58 | Build | Farm |
| 11:00 | Build | Farm |
| 11:02 | Create | Militia |
| 11:17 | Build | House |
| 11:24 | Create | Archer |
| 12:09 | Create | Archer |
| 12:16 | Build | Farm |
| 12:17 | Build | Farm |
| 12:17 | Build | Farm |
| 12:17 | Build | Farm |
| 12:18 | Create | Villager (Male) |
| 12:19 | Create | Villager (Male) |
| 12:48 | Create | Villager (Male) |
| 13:01 | Build | Palisade Wall |
| 13:05 | Build | Palisade Wall |
| 13:07 | Build | Palisade Wall |
| 13:08 | Create | Villager (Male) |
| 13:10 | Create | Archer |
| 13:33 | Create | Villager (Male) |
| 13:55 | Create | Villager (Male) |
| 14:12 | Build | Farm |
| 14:15 | Build | Blacksmith |
| 14:17 | Build | Farm |
| 14:18 | Build | Farm |
| 14:18 | Build | Farm |
| 14:18 | Build | Farm |
| 14:18 | Build | Farm |
| 14:26 | Create | Villager (Male) |
| 14:33 | Research | Double-Bit Axe |
| 14:40 | Create | Archer |
| 14:47 | Build | House |
| 14:48 | Build | House |
| 15:03 | Create | Villager (Male) |
| 15:22 | Create | Villager (Male) |
| 15:26 | Build | Farm |
| 15:37 | Build | Market |
| 15:52 | Research | Arson |
| 16:14 | Create | Villager (Male) |
| 16:17 | Build | Farm |
| 16:18 | Create | Villager (Male) |
| 16:23 | Build | Palisade Wall |
| 16:46 | Build | Farm |
| 16:51 | Build | Palisade Wall |
| 17:22 | Create | Villager (Male) |
| 17:26 | Build | House |
| 17:30 | Build | Palisade Wall |
| 17:36 | Build | Palisade Wall |
| 17:40 | Build | Palisade Wall |
| 17:42 | Create | Archer |
| 17:50 | Create | Villager (Male) |
| 17:55 | Create | Villager (Male) |
| 18:04 | Build | House |
| 18:32 | Create | Archer |
| 18:55 | Build | House |
| 18:57 | Research | Castle Age |
| 19:15 | Build | House |
| 19:23 | Build | House |
| 19:40 | Research | Fletching |
| 20:25 | Research | Horse Collar |
| 20:33 | Age | Castle Age |
| 20:36 | Create | Villager (Male) |
| 20:46 | Create | Villager (Male) |
| 21:10 | Build | House |
| 21:15 | Create | Villager (Male) |
| 21:31 | Create | Villager (Male) |
| 21:44 | Create | Villager (Male) |
| 21:54 | Build | Town Center |
| 21:57 | Create | Villager (Male) |
Match timeline
| 4:54 | snowshawnskate · first_building Barracks |
| 4:59 | HaleDuck · first_building Barracks |
| 6:16 | snowshawnskate · wall_segment Palisade Wall x10 |
| 7:43 | snowshawnskate · wall_segment Palisade Wall x6 |
| 8:23 | HaleDuck · wall_segment Palisade Wall x1 |
| 8:28 | HaleDuck · wall_segment Palisade Wall x1 |
| 8:31 | HaleDuck · wall_segment Palisade Wall x1 |
| 8:32 | HaleDuck · wall_segment Palisade Wall x1 |
| 8:34 | HaleDuck · wall_segment Palisade Wall x1 |
| 8:36 | HaleDuck · wall_segment Palisade Wall x1 |
| 8:38 | HaleDuck · wall_segment Palisade Wall x1 |
| 8:39 | snowshawnskate · wall_segment Palisade Wall x7 |
| 8:54 | snowshawnskate · wall_segment Palisade Wall x1 |
| 8:54 | HaleDuck · age_up feudal |
| 8:55 | snowshawnskate · wall_segment Palisade Wall x1 |
| 8:55 | snowshawnskate · wall_segment Palisade Wall x1 |
| 8:58 | snowshawnskate · wall_segment Palisade Wall x1 |
| 8:59 | snowshawnskate · wall_segment Palisade Wall x1 |
| 10:01 | snowshawnskate · wall_segment Palisade Wall x1 |
| 10:06 | HaleDuck · first_building Archery Range |
| 10:15 | HaleDuck · wall_segment Palisade Wall x1 |
| 10:16 | HaleDuck · wall_segment Palisade Wall x1 |
| 12:36 | snowshawnskate · age_up feudal |
| 12:44 | snowshawnskate · first_building Stable |
| 13:01 | HaleDuck · wall_segment Palisade Wall x1 |
| 13:05 | HaleDuck · wall_segment Palisade Wall x9 |
| 13:07 | HaleDuck · wall_segment Palisade Wall x13 |
| 14:28 | snowshawnskate · wall_segment Palisade Wall x1 |
| 16:08 | snowshawnskate · age_up castle |
| 16:23 | HaleDuck · wall_segment Palisade Wall x6 |
| 16:51 | HaleDuck · wall_segment Palisade Wall x12 |
| 17:30 | HaleDuck · wall_segment Palisade Wall x1 |
| 17:32 | snowshawnskate · first_market_sell 100 stone |
| 17:33 | snowshawnskate · first_market_buy 100 wood |
| 17:36 | HaleDuck · wall_segment Palisade Wall x1 |
| 17:40 | HaleDuck · wall_segment Palisade Wall x1 |
| 18:20 | HaleDuck · first_market_buy 100 wood |
| 18:23 | HaleDuck · first_market_sell 100 wood |
| 19:07 | snowshawnskate · first_building Monastery |
| 20:33 | HaleDuck · age_up castle |
| 22:12 | HaleDuck · resign |
[ AI ANALYSIS · 1 CREDIT ]
What really happened in this match?
Wolo.gg analyzes every decision: build order, eco, micro, common mistakes by bracket. Personalized analysis on WhatsApp or Discord in 30 seconds.
Civ guide
Byzantines
Perfil
Jugador #1193732